 Dungeon Crawl Stone Soup version 0.29.1-2-gbd0b4ee654 (webtiles) character file.

Game seed: 16187706918139933915

333 Discosetron the Shooter (level 6, 0/44 HPs)
             Began as a Demonspawn Hunter on Nov 29, 2022.
             Slain by an ogre
             ... wielding a +0 giant club
              (13 damage)
             ... on level 5 of the Dungeon.
             The game lasted 00:04:46 (2911 turns).

Discosetron the Shooter (Demonspawn Hunter)         Turns: 2911, Time: 00:04:47

Health: 0/44       AC:  3    Str: 11    XL:     6   Next: 27%
Magic:  6/6        EV: 12    Int: 11    God:
Gold:   93         SH:  0    Dex: 18    Spells: 5/5 levels left

rFire   . . .      SeeInvis .   a - +1 shortbow
rCold   . . .      Faith    .   (shield currently unavailable)
rNeg    . . .      Spirit   .   c - +0 leather armour
rPois   .          Reflect  .   (helmet restricted)
rElec   .          Harm     .   (no cloak)
rCorr   .          Rampage  .   (no gloves)
Will    .....                   (no boots)
Stlth   ++........              (no amulet)
HPRegen 0.14/turn               (no ring)
MPRegen 0.10/turn               (no ring)

@: no status effects
A: claws 1, horns 2, foul stench 1, powered by death 1
a: no special abilities


You were on level 5 of the Dungeon.
You visited 1 branch of the dungeon, and saw 5 of its levels.

You collected 93 gold pieces.

Inventory:

Hand Weapons
 a - a +1 shortbow (weapon)
Armour
 c - a +0 leather armour (worn)
Jewellery
 h - a ring of ice
Wands
 i - a wand of roots (9)
Scrolls
 b - 2 scrolls of immolation
 d - a scroll of enchant armour {unknown}
 e - a scroll of identify {unknown}
 f - a scroll of torment {unknown}
 k - a scroll of poison {unknown}
Potions
 j - a potion of heal wounds {unknown}


   Skills:
 - Level 2.0 Fighting
 + Level 6.9 Ranged Weapons
 + Level 1.9 Dodging
 - Level 0.8 Stealth


You had 5 spell levels left.
You didn't know any spells.
Your spell library contained the following spells:

 Spells                   Type           Power      Damage    Failure   Level
 Blink                    Tloc           0%         N/A       56%         2
 Lesser Beckoning         Tloc           0%         N/A       80%         3
 Manifold Assault         Tloc           0%         N/A       100%        5


Dungeon Overview and Level Annotations

Branches:
Dungeon (6/15)
 Temple: D:4-7

Altars:

Shops:
D:2 (

Annotations:
D:3 3 runed translucent doors, Turbognida's ghost, amateur GnCK; p0werm0de's ghost, weakling SpIE; raph's ghost, amateur DEFE


Innate Abilities, Weirdness & Mutations

You have sharp fingernails.
You have a pair of horns on your head.
You may rarely emit foul miasma when damaged in melee.
You regenerate a little health from kills.


Message History

The kobold hits you but does no damage. The kobold hits you with a +0 whip.
The kobold closely misses you.
The kobold hits you with a +0 short sword.
Fire: a) +1 shortbow
Press: ? - help, Shift-Dir - straight line, f/p - kobold
Aim: a kobold, wielding a +0 whip and quivering poisoned darts (60% to hit)
You shoot an arrow. The arrow barely misses the kobold.
The kobold closely misses you. The kobold misses you.
Fire: a) +1 shortbow
Press: ? - help, Shift-Dir - straight line, f/p - kobold
Aim: a kobold, wielding a +0 whip and quivering poisoned darts (60% to hit)
You shoot an arrow. The arrow hits the kobold!
You kill the kobold!
The kobold hits you with a +0 short sword.
A kobold comes into view. It is wielding a +0 whip.
Fire: a) +1 shortbow
Press: ? - help, Shift-Dir - straight line, f - kobold
Aim: a kobold, wielding a +0 whip (60% to hit)
You shoot an arrow. The arrow hits the kobold.
The kobold is moderately wounded.
A centaur comes into view.
The kobold completely misses you. The kobold barely misses you.
Fire: a) +1 shortbow
Press: ? - help, Shift-Dir - straight line, f/p - kobold
Aim: a kobold, wielding a +0 whip (moderately wounded, 60% to hit)
You shoot an arrow. The centaur shouts!
The arrow hits the kobold!
You kill the kobold!
You hear a shout!
The kobold hits you with a +0 short sword.
An ogre comes into view. It is wielding a +0 giant club.
Fire: a) +1 shortbow
Press: ? - help, Shift-Dir - straight line, f - ogre
Aim: an ogre, wielding a +0 giant club (79% to hit)
You shoot an arrow. The arrow completely misses the ogre.
The kobold hits you with a +0 short sword.
* * * LOW HITPOINT WARNING * * *
The ogre hits you with a +0 giant club!
You die...

#.#.####.######.
#....##.....##.
#..#.........>.
##....######>###
##).#.## #.# ##.#.#.#
#.# ##.###..# #.# #O##
##.##### #.#
##@###..#...###.#
##K#.....#.....#
######K#.....(.####
.................).#
#######.#c..#.#(##.###
#.#......)##...)
#.#..##.########
#.#..##.# # ..#..##.#
##


You could see an ogre, a centaur and 2 kobolds.

Vanquished Creatures
  A kobold brigand (D:5)
  2 howler monkeys (D:5)
  2 orc wizards
  6 adders
  A dart slug (D:3)
  8 orcs
  4 ball pythons (D:1)
  5 bats
  7 endoplasms
  A giant cockroach (D:1)
  6 goblins
  9 hobgoblins
  4 jackals (D:1)
  8 kobolds
  3 quokkas
  4 frilled lizards
  3 rats
74 creatures vanquished.

Vanquished Creatures (others)
  3 withered plants (D:3)
3 creatures vanquished.

Grand Total: 77 creatures vanquished

Notes
Turn   | Place    | Note
-------+----------+-------------------------------------------
     0 | D:1      | Discosetron the Demonspawn Hunter began the quest for the
                  | Orb.
     0 | D:1      | Reached XP level 1. HP: 16/16 MP: 1/1
    64 | D:1      | Reached skill level 4 in Ranged Weapons
   114 | D:1      | Discovered your monstrous ancestry.
   114 | D:1      | Gained mutation: You have a pair of small horns on your
                  | head. [demonic ancestry]
   114 | D:1      | Reached XP level 2. HP: 22/22 MP: 2/2
   552 | D:1      | HP: 1/22 [jackal (2)]
   554 | D:1      | Gained mutation: You regenerate a little health from kills.
                  | [demonic ancestry]
   554 | D:1      | Reached XP level 3. HP: 1/27 MP: 3/3
  1595 | D:2      | Found Hegi's Antique Weapon Shoppe.
  1673 | D:2      | Reached skill level 5 in Ranged Weapons
  1865 | D:3      | Gained mutation: You have sharp fingernails. [demonic
                  | ancestry]
  1865 | D:3      | Reached XP level 4. HP: 23/33 MP: 4/4
  1996 | D:3      | Found a runed translucent gate.
  1997 | D:3      | Found a runed translucent gate.
  1999 | D:3      | Found a runed translucent gate.
  2010 | D:3      | Noticed Turbognida's ghost (amateur GnCK)
  2010 | D:3      | Noticed raph's ghost (amateur DEFE)
  2010 | D:3      | Noticed p0werm0de's ghost (weakling SpIE)
  2423 | D:3      | Gained mutation: You have a pair of horns on your head.
                  | [demonic ancestry]
  2423 | D:3      | Reached XP level 5. HP: 38/38 MP: 5/5
  2563 | D:3      | You fall into a shaft and drop 3 floors!
  2591 | D:5      | Entered Level 5 of the Dungeon
  2661 | D:5      | Noticed a phantom
  2707 | D:5      | Reached skill level 6 in Ranged Weapons
  2906 | D:5      | Gained mutation: You may rarely emit foul miasma when
                  | damaged in melee. [demonic ancestry]
  2906 | D:5      | Reached XP level 6. HP: 22/44 MP: 6/6
  2911 | D:5      | Slain by an ogre

Illustrated notes

Levels and vault maps discovered:
D:1:      dpeg_arrival_rooms_a, layout_basic
D:2:      layout_loops_ring, serial_shops, nicolae_shop_crystal,
          amcnicky_mini_corridor_feature, chequers_mini_garden,
          minmay_goblin_kobold_house
D:3:      layout_loops_cross, gammafunk_ghost_cemetery, uniq_crazy_yiuf_cottage
D:5:      layout_loops_ring, serial_park_tiny_pond, sigmund_army, uniq_duvessa
D:6:      layout_basic, fedhas_altar_2

Skill      XL: |  1  2  3  4  5 |
---------------+----------------+-----
Ranged Weapons | 4 5 6 |  6.9
Fighting       | |  2.0
Dodging        | |  1.9
Stealth        | |  0.8

Action                   |  1- 3 |  4- 6 || total
-------------------------+-------+-------++-------
 Fire: Shortbow          |   117 |   128 ||   245
  Use: Scroll            |     1 |       ||     1
       Potion            |       |     2 ||     2
Armor: Leather armour    |    18 |    18 ||    36
Dodge: Dodged            |    47 |    50 ||    97
